 Dungeon Crawl Stone Soup version 0.30-a0-305-g026cb31310 (webtiles) character file.

Game seed: 10400339244632755897

27 NinjaNoafa the Chopper (level 3, -1/31 HPs)
             Began as a Hill Orc Monk on Oct 21, 2022.
             Slain by Terence
             ... wielding a +0 morningstar
              (9 damage)
             ... on level 2 of the Dungeon.
             The game lasted 00:02:51 (1201 turns).

NinjaNoafa the Chopper (Hill Orc Monk)              Turns: 1201, Time: 00:02:51

Health: -1/31      AC:  5    Str: 15    XL:     3   Next: 10%
Magic:  3/3        EV: 11    Int: 10    God:
Gold:   33         SH:  0    Dex: 13    Spells: 2/2 levels left

rFire   + . .      SeeInvis .    a - +1 hand axe
rCold   + . .      Faith    .    (no shield)
rNeg    . . .      Spirit   .    c - +0 ring mail
rPois   +          Reflect  .    (no helmet)
rElec   +          Harm     .    (no cloak)
rCorr   +          Rampage  .    (no gloves)
Will    .....                    (no boots)
Stlth   +.........               (no amulet)
HPRegen 0.25/turn                (no ring)
MPRegen 0.08/turn                (no ring)

@: resistant
A: no striking features
a: no special abilities


You were on level 2 of the Dungeon.
You visited 1 branch of the dungeon, and saw 2 of its levels.

You collected 33 gold pieces.

Inventory:

Hand Weapons
 a - a +1 hand axe (weapon)
Missiles
 e - 21 stones (quivered)
Armour
 b - a +0 robe
 c - a +0 ring mail (worn)
Scrolls
 g - a scroll of enchant armour {unknown}


   Skills:
 - Level 3.6 Fighting
 + Level 4.8 Axes
 * Level 2.0 Armour
 - Level 2.4 Dodging
 - Level 1.5 Stealth


You had 2 spell levels left.
You didn't know any spells.
Your spell library was empty.

Dungeon Overview and Level Annotations

Branches:
Dungeon (2/15)

Altars:

Shops:
D:1 *[

Annotations:
D:2 Terence


Message History

The grasping roots grab you! The grasping roots constrict you.
You escape the roots grasp.
Terence barely misses you.
There is an escape hatch in the floor here.
You hit Terence but do no damage.
A ball python comes into view.
Terence closely misses you.
You hit Terence but do no damage. Terence closely misses you.
You hit Terence but do no damage. Terence barely misses you.
You barely miss Terence.
You hit the ball python but do no damage.
The ball python barely misses you. x2; Terence misses you.
You closely miss Terence.
You hit the ball python but do no damage.
The ball python bites you. The ball python barely misses you.
Terence hits you with a +0 morningstar!
You barely miss Terence. You hit the ball python.
You kill the ball python!
Terence hits you with a +0 morningstar.
* * * LOW HITPOINT WARNING * * *
Terence says, "You're history."
Terence zaps a wand.
The roots erupt in riotous growth!
The grasping roots grab you!
Terence is unaffected.
The grasping roots constrict you.
* * * LOW HITPOINT WARNING * * *
You feel better. Terence barely misses you. The grasping roots constrict you.
You hit Terence.
Terence is lightly wounded.
Terence hits you with a +0 morningstar. The grasping roots constrict you.
* * * LOW HITPOINT WARNING * * *
The grasping roots release their grip on you.
Cleave: a) +0 hand axe
Press: ? - help, Dir - move target, f - Terence
Aim: Terence, wielding a +0 morningstar, wearing a +0 scale mail and carrying a wand of roots (5) (lightly wounded, about 35% to evade your +0 hand axe)
Okay, then.
As you read the scroll labelled SUSIYK DAEHAER, it crumbles to dust.
It is a scroll of enchant weapon.
Your +0 hand axe glows red for a moment.
Terence hits you with a +0 morningstar!
You die...

## #. .. ##. #.#
# .. #.###.##
#.####.#.....
#.#........#
#..........#
#...@.....#
#.#@##.####
#.#....[..#
#####.####.##.#
#.....####.##.##
#.###......#...#
#.######..<# #.#
#...# ..# #...#
.### #...#


You could see Terence.

Vanquished Creatures
  An adder (D:2)
  4 ball pythons
  A goblin (D:1)
  2 quokkas (D:1)
  4 bats (D:1)
  2 frilled lizards (D:1)
  3 kobolds (D:1)
  A rat (D:1)
18 creatures vanquished.

Vanquished Creatures (others)
  5 plants (D:1)
5 creatures vanquished.

Grand Total: 23 creatures vanquished

Notes
Turn   | Place    | Note
-------+----------+-------------------------------------------
     0 | D:1      | NinjaNoafa the Hill Orc Monk began the quest for the Orb.
     0 | D:1      | Reached XP level 1. HP: 19/19 MP: 1/1
    23 | D:1      | Found Nekhlick's Armour Shoppe.
   106 | D:1      | Found Hueph's Assorted Antiques.
   195 | D:1      | Reached XP level 2. HP: 19/26 MP: 2/2
   277 | D:1      | Reached skill level 1 in Armour
  1028 | D:2      | Reached XP level 3. HP: 31/31 MP: 3/3
  1185 | D:2      | Noticed Terence
  1201 | D:2      | Slain by Terence

Illustrated notes

Levels and vault maps discovered:
D:1:      psy_arrival_heroes, layout_rooms, serial_forest,
          infiniplex_forest_end_2, infiniplex_forest_clump_long,
          infiniplex_forest_lined_3, infiniplex_forest_end_1,
          infiniplex_forest_diagonal, infiniplex_forest_zigzag_1,
          infiniplex_forest_side_room, infiniplex_forest_end_2, serial_shops,
          nicolae_shop_trees, shop
D:2:      layout_loops_cross, uniq_robin, uniq_jessica, uniq_terence

Skill      XL: |  1  2 |
---------------+-------+-----
Armour         | 2 |  2.0
Fighting       | |  3.6
Axes           | |  4.8
Dodging        | |  2.4
Stealth        | |  1.5

Action                   || total
-------------------------++-------
Melee: Hand axe          ||    83
       Punch             ||     1
  Use: Potion            ||     5
       Scroll            ||     1
 Stab: Sleeping          ||     1
Armor: Robe              ||    14
Dodge: Dodged            ||    93

Table legend: (Time is in decaauts)
 A = Elapsed time spent in this place.
 B = Non-inter-level travel time spent in this place.
 C = Inter-level travel time spent in this place.
 D = Time resting spent in this place.
 E = Time spent auto-exploring this place.
 F = Levels seen in this place.
 G = Mean time per level.
                   A        B        C        D        E       F      G
               +--------+--------+--------+--------+--------+-----+--------+
         Total |   1207 |   1021 |    186 |      0 |    813 |   2 |  603.5 |
       Dungeon |   1207 |   1021 |    186 |      0 |    813 |   2 |  603.5 |
               +--------+--------+--------+--------+--------+-----+--------+

Top non-repeatable levels by time:
     D:1: 1123 daAuts
     D:2: 83 daAuts
